 Dungeon Crawl Stone Soup version 0.31-a0-188-g5e087ee2ca (webtiles) character file.

Game seed: 17298495840672100573

302 qw the Skirmisher (level 6, -1/28 HPs)
             Began as a Deep Elf Hunter on June 22, 2023.
             Slain by a gnoll
             ... wielding a +0 flail
              (2 damage)
             ... on level 4 of the Dungeon.
             The game lasted 00:01:01 (1584 turns).

qw the Skirmisher (Deep Elf Hunter)                 Turns: 1584, Time: 00:01:02

Health: -1/28      AC: 10    Str: 10    XL:     6   Next: 14%
Magic:  8/8        EV: 11    Int: 14    God:
Gold:   133        SH:  0    Dex: 18    Spells: 5/5 levels left

rFire   . . .        Y - +0 shortbow
rCold   . . .        (shield currently unavailable)
rNeg    . . .        f - +0 ring mail
rPois   .            (no helmet)
rElec   .            (no cloak)
rCorr   .            (no gloves)
SInv    .            g - +0 pair of boots
Will    .....        (no amulet)
Stlth   +            (no ring)
HPRegen 1.04/turn    (no ring)
MPRegen 0.11/turn

%: no passive effects
@: no status effects
A: iridescent scales 2, frail 2, regeneration 1
a: no special abilities


You were on level 4 of the Dungeon.
You visited 1 branch of the dungeon, and saw 4 of its levels.

You collected 133 gold pieces.


Innate Abilities, Weirdness & Mutations

You are mostly covered in iridescent scales. (AC +4)
You are very frail. (-20% HP)
Your natural rate of healing is unusually fast.


   Skills:
 - Level 2.7 Fighting
 + Level 9.1 Ranged Weapons
 - Level 2.4 Dodging
 - Level 1.2 Stealth


You had 5 spell levels left.
You didn't know any spells.
Your spell library was empty.

Inventory:

Hand Weapons
 Y - a +0 shortbow (weapon)
Armour
 f - a +0 ring mail (worn)
 g - a +0 pair of boots (worn)
Jewellery
 i - a ring of fire
 j - a ring of magical power
Scrolls
 a - a scroll of summoning {unknown}
 b - a scroll of identify
 h - a scroll of revelation {unknown}
Potions
 d - a potion of berserk rage {unknown}
 e - a potion of might {unknown}

Dungeon Overview and Level Annotations

Branches:
Dungeon (4/15)
 Temple: D:4-7

Altars:
Elyvilon

Annotations:
D:4 Natasha


Message History

1579 ||| DRINKING potion of heal wounds.
You feel much better.
You feel sick. The gnoll hits you with a +0 club.
The gnoll hits you but does no damage. The gnoll closely misses you.
The gnoll hits you from afar with a +0 spear.
The cerulean imp completely misses you.
You shoot an arrow. The arrow closely misses the gnoll.
You feel sick. The gnoll hits you but does no damage.
The gnoll barely misses you. The gnoll hits you with a +0 flail.
The gnoll barely misses you.
The cerulean imp hits you but does no damage.
You shoot an arrow. The arrow hits the gnoll!
You kill the gnoll!
You feel sick.
You are no longer poisoned.
The gnoll hits you with a +0 whip! The gnoll hits you with a +0 flail.
The gnoll hits you from afar with a +0 spear.
The cerulean imp hits you but does no damage.
Natasha claws you.
The cerulean imp hits you but does no damage.
The gnoll hits you but does no damage. x2; The gnoll closely misses you.
You shoot an arrow. The arrow completely misses Natasha.
The cerulean imp hits you but does no damage.
Natasha claws you.
The cerulean imp hits you from afar with a +0 spear.
The gnoll hits you but does no damage. x2; The gnoll closely misses you.
You shoot an arrow. The arrow hits Natasha!
Natasha is heavily wounded.
The cerulean imp hits you but does no damage.
Natasha barely misses you. The cerulean imp barely misses you.
The gnoll completely misses you. The gnoll barely misses you.
The gnoll closely misses you.
You shoot an arrow. The arrow barely misses Natasha.
The cerulean imp hits you with a +2 spear.
Natasha claws you but does no damage.
The cerulean imp hits you but does no damage.
The gnoll hits you but does no damage.
The gnoll hits you from afar with a +0 spear.
The gnoll hits you with a +0 flail.
You die...

#### #... #.##
####################.##
......................#
######..##########.....
#..# ##...# #..# ##.##
#@g# #..# #5gh# #...
.g5gg.. #..# #.##gg####
#... # #..# .######...
.... .........) ...#
...####### ...## ## #)


You could see Natasha, 7 gnolls and 2 cerulean imps.

Vanquished Creatures
  An ogre (D:4)
  3 orc wizards
  A gnoll (D:4)
  4 adders
  An ufetubus (D:4)
  2 worms
  5 dart slugs
  8 orcs
  6 bats
  3 endoplasms (D:3)
  4 giant cockroaches
  5 goblins
  9 hobgoblins
  5 kobolds
  3 quokkas
  5 ball pythons
  5 frilled lizards
  6 rats
76 creatures vanquished.

Notes
Turn   | Place    | Note
-------+----------+-------------------------------------------
     0 | D:1      | qw the Deep Elf Hunter began the quest for the Orb.
     0 | D:1      | Reached XP level 1. HP: 12/12 MP: 3/3
     0 | D:1      | 0 ||| qw: Version: 0.3-a-9-g12657ce
     0 | D:1      | 0 ||| qw: Game counter: 2886
     0 | D:1      | 0 ||| qw: Always use a shield: true
     0 | D:1      | 0 ||| qw: God list: Okawaru
     0 | D:1      | 0 ||| qw: Allow faded altars: false
     0 | D:1      | 0 ||| qw: Do Orc after D:15 true
     0 | D:1      | 0 ||| qw: Do second Lair branch before Depths: true
     0 | D:1      | 0 ||| qw: Lair rune preference: random
     0 | D:1      | 0 ||| qw: Plans: Normal
     0 | D:1      | 0 ||| PLANNING D:1-11
   101 | D:1      | Reached XP level 2. HP: 16/16 MP: 4/4
   111 | D:1      | Reached skill level 6 in Ranged Weapons
   268 | D:1      | 268 ||| UPGRADING to +0 scale mail.
   278 | D:1      | 278 ||| DROPPING +0 leather armour.
   279 | D:1      | 279 ||| UPGRADING to +0 ring mail.
   289 | D:1      | 289 ||| DROPPING +0 scale mail.
   290 | D:1      | 290 ||| READING scroll labelled DOMONELIMO.
   291 | D:1      | 291 ||| READING scroll labelled UCYIRY CILOKEU.
   292 | D:1      | 292 ||| DRINKING 2 smoky purple potions.
   293 | D:1      | 293 ||| DROPPING scroll of butterflies.
   402 | D:2      | Reached XP level 3. HP: 20/20 MP: 5/5
   441 | D:2      | 441 ||| FLEEEEING.
   445 | D:2      | 445 ||| FLEEEEING.
   446 | D:2      | 446 ||| FLEEEEING.
   447 | D:2      | 447 ||| FLEEEEING.
   448 | D:2      | 448 ||| FLEEEEING.
   449 | D:2      | 449 ||| FLEEEEING.
   450 | D:2      | 450 ||| FLEEEEING.
   451 | D:2      | 451 ||| FLEEEEING.
   452 | D:2      | 452 ||| FLEEEEING.
   454 | D:2      | 454 ||| FLEEEEING.
   455 | D:2      | 455 ||| FLEEEEING.
   456 | D:2      | 456 ||| FLEEEEING.
   457 | D:2      | 457 ||| FLEEEEING.
   458 | D:2      | 458 ||| FLEEEEING.
   461 | D:2      | 461 ||| FLEEEEING.
   462 | D:2      | 462 ||| FLEEEEING.
   463 | D:2      | 463 ||| FLEEEEING.
   489 | D:2      | Reached skill level 7 in Ranged Weapons
   512 | D:2      | Found a white marble altar of Elyvilon.
   763 | D:2      | 763 ||| READING scroll labelled RILUAV SUOFOGH.
   764 | D:2      | 764 ||| DRINKING 2 coppery potions.
   765 | D:2      | 765 ||| DRINKING 2 fuming blue potions.
   765 | D:2      | Gained mutation: You are frail. (-10% HP) [potion of
                  | mutation]
   765 | D:2      | Gained mutation: You are very frail. (-20% HP) [potion of
                  | mutation]
   765 | D:2      | Gained mutation: Your body sometimes deteriorates upon
                  | taking damage. [potion of mutation]
   765 | D:2      | Gained mutation: You passively map a small area around you.
                  | [potion of mutation]
   766 | D:2      | 766 ||| DRINKING potion of mutation.
   766 | D:2      | Lost mutation: You passively map a small area around you.
                  | [potion of mutation]
   766 | D:2      | Lost mutation: Your body sometimes deteriorates upon taking
                  | damage. [potion of mutation]
   766 | D:2      | Gained mutation: You are partially covered in iridescent
                  | scales. (AC +2) [potion of mutation]
   766 | D:2      | Gained mutation: Your natural rate of healing is unusually
                  | fast. [potion of mutation]
   766 | D:2      | Gained mutation: You are mostly covered in iridescent
                  | scales. (AC +4) [potion of mutation]
   767 | D:2      | 767 ||| DRINKING 2 brown potions.
   768 | D:2      | 768 ||| DROPPING potion of attraction.
   847 | D:3      | 847 ||| STAIRDANCE
   850 | D:2      | Reached XP level 4. HP: 20/20 MP: 6/6
  1049 | D:3      | Reached skill level 8 in Ranged Weapons
  1189 | D:3      | Reached XP level 5. HP: 23/23 MP: 7/7
  1201 | D:3      | Found a faded altar of an unknown god.
  1278 | D:3      | 1278 ||| UPGRADING to +0 pair of boots.
  1283 | D:3      | 1283 ||| READING scroll labelled JEUSMU TEBE.
  1284 | D:3      | 1284 ||| READING scroll labelled CUSIDE MAULA.
  1287 | D:3      | 1287 ||| READING 2 scrolls of identify.
  1287 | D:3      | 1287 ||| IDENTIFYING green potion
  1288 | D:3      | 1288 ||| DROPPING potion of invisibility.
  1377 | D:4      | 1377 ||| DRINKING 3 potions of curing.
  1377 | D:4      | 1377 ||| (to cure confusion)
  1380 | D:4      | 1380 ||| FLEEEEING.
  1381 | D:4      | 1381 ||| FLEEEEING.
  1382 | D:4      | 1382 ||| FLEEEEING.
  1383 | D:4      | 1383 ||| DRINKING 2 potions of curing.
  1383 | D:4      | 1383 ||| (to cure confusion)
  1388 | D:4      | 1388 ||| FLEEEEING.
  1389 | D:4      | 1389 ||| FLEEEEING.
  1390 | D:4      | 1390 ||| FLEEEEING.
  1391 | D:4      | 1391 ||| FLEEEEING.
  1392 | D:4      | 1392 ||| FLEEEEING.
  1394 | D:4      | 1394 ||| DRINKING potion of curing.
  1394 | D:4      | 1394 ||| (to cure confusion)
  1458 | D:4      | Reached skill level 9 in Ranged Weapons
  1484 | D:4      | Noticed an ogre
  1492 | D:4      | Killed an ogre
  1493 | D:4      | Reached XP level 6. HP: 14/28 MP: 8/8
  1568 | D:4      | Noticed Natasha
  1578 | D:4      | HP: 7/28 [gnoll/+0 spear (3)]
  1579 | D:4      | 1579 ||| DRINKING potion of heal wounds.
  1582 | D:4      | HP: 3/28 [cerulean imp/+0 spear[Natasha] (4)]
  1584 | D:4      | HP: 1/28 [gnoll/+0 spear (3)]
  1584 | D:4      | Slain by a gnoll

Levels and vault maps discovered:
D:1:      roderic_chinese_lattice_arrival, layout_rooms
D:2:      kennysheep_six_static_rooms, layout_rooms, basic_altar
D:3:      layout_rooms, shapermc_ecumenical_altar_pompeii
D:4:      layout_loops_ring, kennysheep_generic_room_6, uniq_grinder,
          uniq_natasha

Skill      XL: |  1  2  3  4  5 |
---------------+----------------+-----
Ranged Weapons | 6 7 8 9 |  9.1
Fighting       | 2 |  2.7
Dodging        | |  2.4
Stealth        | |  1.2

Action                     |  1- 3 |  4- 6 || total
---------------------------+-------+-------++-------
   Fire: Shortbow          |    74 |   142 ||   216
    Use: Scroll            |     3 |     3 ||     6
         Potion            |     5 |     4 ||     9
 Armour: Ring mail         |     5 |    47 ||    52
  Dodge: Dodged            |     6 |    43 ||    49

Table legend:
 A = Non-vault XP
 B = Vault XP
 C = Vault XP percentage of total XP
 D = Non-vault monster count
 E = Vault monster count
 F = Vault count percentage of total count
                 A         B        C        D         E       F
            +---------+---------+-------+---------+---------+-------
      Total |     408 |      24 |   5.6 |      70 |       6 |   7.9
            +---------+---------+-------+---------+---------+-------
        D:1 |      24 |       0 |   0.0 |      15 |       0 |   0.0
        D:2 |      50 |      24 |  32.4 |      20 |       6 |  23.1
        D:3 |     103 |       0 |   0.0 |      24 |       0 |   0.0
        D:4 |     231 |       0 |   0.0 |      11 |       0 |   0.0
            +---------+---------+-------+---------+---------+-------
